Map: Scythe of Amon

Players

monk

  • Race: Protoss Protoss
  • Spawn Location: 5:00

sTkmonk

  • Race: Terran Terran
  • Spawn Location: 5:00

VOD

Have the link to the VOD?

Description

Time

  • Played on: Sept. 17, 2017, 6:57 a.m.
  • Length: 25:21
Show
View Real Time Build Order
Export as new Build Order

monk Protoss 

Build Orders:  

Get SALT Encoding   

  12  0:00  Probe (Chrono Boost)  
  13  0:12  Probe (Chrono Boost)  
  14  0:24  Probe (Chrono Boost)  
  15  0:31  Pylon  
  15  0:37  Probe (Chrono Boost)  
  16  0:48  Assimilator  
  16  0:49  Probe (Chrono Boost)  
  17  1:00  Assimilator  
  17  1:01  Probe (Chrono Boost)  
  18  1:13  Probe (Chrono Boost)  
  19  1:25  Probe (Chrono Boost)  
  20  1:37  Probe (Chrono Boost)  
  21  1:49  Probe (Chrono Boost)  
  22  2:00  Pylon  
  22  2:01  Probe (Chrono Boost)  
  22  2:02  Solar Efficiency Level 1  
  22  2:08  Forge  
  23  2:13  Probe (Chrono Boost)  
  24  2:25  Probe (Chrono Boost)  
  25  2:37  Probe (Chrono Boost)  
  26  2:50  Probe (Chrono Boost)  
  27  3:04  Probe  
  27  3:09  Pylon  
  28  3:15  Photon Cannon  
  28  3:31  Photon Cannon  
  28  4:17  Pylon  
  28  4:19  Photon Cannon  
  28  4:20  Photon Cannon  
  28  4:23  Photon Cannon  
  28  4:49  Nexus  
  28  4:52  Probe (Chrono Boost)  
  28  4:55  Probe (Chrono Boost)  
  28  4:56  Gateway  
  29  5:02  Probe (Chrono Boost)  
  29  5:04  Probe (Chrono Boost)  
  32  5:55  Pylon  
  32  5:58  Photon Cannon  
  32  5:59  Photon Cannon  
  32  6:14  Probe (Chrono Boost)  
  32  6:17  Cybernetics Core  
  33  6:27  Probe (Chrono Boost)  
  40  6:30  Probe (Chrono Boost)  
  34  6:39  Probe (Chrono Boost)  
  35  6:42  Probe (Chrono Boost)  
  37  6:53  Probe (Chrono Boost)  
  37  6:55  Probe (Chrono Boost)  
  38  7:10  Probe x2 (Chrono Boost)  
  38  7:12  Protoss Air Weapons Level 1  
  38  7:14  Pylon  
  38  7:17  Photon Cannon  
  40  7:28  Energizer  
  40  7:39  Probe (Chrono Boost)  
  42  7:40  Stargate  
  42  7:42  Probe (Chrono Boost)  
  42  7:45  Assimilator x2  
  44  7:51  Probe (Chrono Boost)  
  44  7:54  Probe (Chrono Boost)  
  46  8:12  Probe x2 (Chrono Boost)  
  48  8:22  Carrier  
  48  8:25  Carrier  
  48  8:26  Carrier  
  48  8:50  Fleet Beacon, Pylon  
  48  8:53  Stargate  
  48  8:54  Probe (Chrono Boost)  
  48  8:55  Stargate, Probe (Chrono Boost)  
  50  9:06  Probe (Chrono Boost)  
  50  9:07  Probe (Chrono Boost)  
  51  9:11  Warp Gate  
  51  9:18  Probe (Chrono Boost)  
  51  9:19  Probe (Chrono Boost)  
  54  9:37  Pylon  
  60  10:05  Probe (Chrono Boost)  
  72  10:15  Carrier (Chrono Boost)  
  73  10:20  Carrier (Chrono Boost)  
  85  10:36  Carrier (Chrono Boost)  
  85  10:57  Pylon x2  
  91  11:30  Protoss Air Weapons Level 2  
  91  12:01  Pylon  
  91  12:04  Photon Cannon  
  91  12:07  Carrier (Chrono Boost), Photon Cannon x2  
  103  12:10  Photon Cannon  
  103  12:11  Carrier (Chrono Boost)  
  103  12:14  Photon Cannon  
  103  12:16  Protoss Air Weapons Level 3  
  103  12:17  Photon Cannon  
  103  12:19  Photon Cannon  
  103  12:26  Shield Battery  
  103  12:27  Shield Battery  
  103  12:33  Pylon  
  103  12:39  Robotics Facility  
  103  12:45  Carrier (Chrono Boost)  
  103  12:48  Shield Battery  
  103  12:52  Photon Cannon  
  103  12:54  Photon Cannon  
  109  13:11  Pylon  
  109  13:13  Carrier (Chrono Boost)  
  109  13:18  Pylon  
  107  13:51  Observer  
  107  13:52  Energizer  
  116  14:52  Shield Battery  
  116  14:54  Shield Battery  
  116  14:56  Shield Battery  
  116  14:57  Photon Cannon  
  116  15:00  Photon Cannon  
  116  15:02  Photon Cannon  
  116  15:04  Photon Cannon  
  116  15:06  Photon Cannon  
  122  15:10  Carrier (Chrono Boost)  
  122  15:24  Fortification Barrier  
  122  15:28  Photon Cannon  
  122  15:34  Photon Cannon  
  122  15:56  Carrier (Chrono Boost)  
  128  16:02  Photon Cannon  
  128  16:03  Photon Cannon  
  128  16:04  Sentinel  
  130  16:44  Carrier (Chrono Boost)  
  130  16:47  Photon Cannon  
  130  16:49  Photon Cannon  
  130  16:51  Photon Cannon  
  130  16:53  Photon Cannon  
  130  16:56  Photon Cannon x2  
  130  17:00  Photon Cannon  
  134  17:32  Carrier (Chrono Boost), Pylon  
  134  17:34  Pylon  
  134  17:36  Pylon  
  134  17:38  Pylon  
  134  17:43  Carrier (Chrono Boost)  
  134  17:47  Carrier (Chrono Boost)  
  134  17:55  Sentinel  
  140  18:11  Pylon  
  140  18:18  Carrier (Chrono Boost)  
  134  18:33  Photon Cannon  
  134  18:35  Photon Cannon  
  134  18:41  Observer  
  134  18:42  Shield Battery  
  135  19:05  Pylon  
  147  19:16  Carrier (Chrono Boost)  
  153  19:32  Pylon  
  159  20:02  Carrier (Chrono Boost)  
  165  20:24  Pylon  
  165  20:25  Pylon, Repair Drones  
  165  20:26  Energizer  
  167  20:34  Pylon  
  167  21:14  Carrier (Chrono Boost)  
  161  21:41  Pylon  
  161  21:42  Carrier (Chrono Boost)  
  161  21:46  Carrier (Chrono Boost)  
  167  21:55  Carrier (Chrono Boost)  
  167  22:19  Photon Cannon  
  167  22:22  Shield Battery, Photon Cannon  
  167  22:27  Shield Battery  
  167  22:29  Photon Cannon  
  167  22:32  Photon Cannon  
  167  22:34  Photon Cannon  
  167  22:36  Pylon, Photon Cannon  
  167  22:39  Photon Cannon  
  173  22:41  Photon Cannon  
  173  22:46  Carrier (Chrono Boost), Photon Cannon  
  173  22:47  Photon Cannon  
  173  22:49  Photon Cannon  
  173  22:51  Photon Cannon  
  173  22:53  Photon Cannon  
  173  23:03  Pylon  
  179  23:41  Energizer  
Show
View Real Time Build Order
Export as new Build Order

sTkmonk Terran 

Build Orders:  

Get SALT Encoding   

Tags
 
Commander
KaraxRaynor
Matchup
Co-op
Replay Pack
Co-op Speedrun
Add a new tag
Caveats
  • Supply blocks, unpowered buildings, or Contaminate may cause inaccurate times.
  • Supply counts are checked every 10 seconds.